 Dungeon Crawl Stone Soup version 0.16.1-30-g34a7ffa (webtiles) character file.

190631 joy the Executioner (level 17, -5/170 HPs)
             Began as a Minotaur Berserker on June 11, 2015.
             Was the Champion of Trog.
             Slain by Vojta's ghost (13 damage)
             ... on level 3 of the Shoals on June 12, 2015.
             The game lasted 02:01:02 (34448 turns).

joy the Executioner (Minotaur Berserker)           Turns: 34448, Time: 02:01:02

Health: -5/170     AC: 26    Str: 30    XL:     17   Next: 98%
Magic:  6/6        EV: 11    Int:  5    God:    Trog [******]
Gold:   3590       SH:  0    Dex: 18    Spells: 0 memorised, 16 levels left

rFire  . . .     SeeInvis +     c - +5 executioner's axe (vamp)
rCold  + . .     Clarity  .     L - +5 chain mail of Hopscotch {Contam rPois Dex+4}
rNeg   + . .     SustAb   .     (no shield)
rPois  +         Gourm    .     (helmet restricted)
rElec  .         Spirit   .     N - +0 cloak
rCorr  .         Warding  +     R - +0 pair of gloves
rMut   .         Stasis   .     g - +1 pair of boots
MR     ++++.                    x - amulet "Xikocoakk" {Ward rC+ rN+ Str+3 Dex+3}
Stlth  ..........               F - ring of see invisible
                                E - ring of poison resistance

@: exhausted, regenerating, slowed, very slow, incredibly resistant to hostile
enchantments, extremely unstealthy
A: retaliatory headbutt, horns 2, talons 1, magic resistance 1, spit poison 1
a: Spit Poison, Burn Spellbooks, Berserk, Trog's Hand, Brothers in Arms,
Renounce Religion


You were on level 3 of the Shoals.
You worshipped Trog.
Trog was exalted by your worship.
You were very hungry.

You visited 6 branches of the dungeon, and saw 35 of its levels.
You also visited: Labyrinth, Ossuary and Ice Cave.

You collected 3730 gold pieces.
You spent 140 gold pieces at shops.

Inventory:

Hand weapons
 c - a +5 vampiric executioner's axe (weapon)
 K - a +2 executioner's axe of holy wrath
Armour
 g - a +1 pair of boots (worn)
 L - the +5 chain mail of Hopscotch (worn) {Contam rPois Dex+4}
   (You found it in a labyrinth)

   It affects your dexterity (+4).
   It protects you from poison.
   It causes magical contamination when unequipped.
 N - a +0 cloak (worn)
 R - a +0 pair of gloves (worn)
Jewellery
 e - an uncursed ring of teleport control
 k - an uncursed amulet of clarity
 u - an uncursed ring of protection from cold
 x - the amulet "Xikocoakk" (around neck) {Ward rC+ rN+ Str+3 Dex+3}
   (You took it off a minotaur in a labyrinth)

   [amulet of warding]

   It may prevent the melee attacks of summoned creatures.
   It affects your strength (+3).
   It affects your dexterity (+3).
   It protects you from cold.
   It protects you from negative energy.
 E - a ring of poison resistance (left hand)
 F - a ring of see invisible (right hand)
Magical devices
 h - a wand of random effects (26)
 l - a wand of lightning (0)
 o - a wand of polymorph (13)
 q - a wand of fire (5)
 v - a wand of cold (5)
 z - a wand of draining (6)
 B - a wand of cold (9)
 C - a wand of digging (4)
 H - a wand of teleportation (6)
 I - a wand of heal wounds (7)
 U - a wand of lightning (5)
 W - a wand of polymorph (15)
Scrolls
 f - 5 scrolls of fog
 n - 15 scrolls of remove curse
 r - a scroll of recharging
 t - 12 scrolls of teleportation
 w - 23 scrolls of identify
 y - 8 scrolls of blinking
 G - 12 scrolls of fear
 J - a scroll of enchant armour
 X - 3 scrolls of magic mapping
Potions
 a - 3 potions of resistance
 d - 3 potions of heal wounds
 i - 3 potions of invisibility
 j - a potion of cancellation
 m - 15 potions of curing
 p - 2 potions of brilliance
 D - 3 potions of restore abilities
 O - 4 potions of haste
 S - a potion of agility
 V - 2 potions of flight
 Y - a potion of berserk rage
Comestibles
 b - 17 meat rations
 s - a bread ration
 A - 4 fruits
 P - a royal jelly
 Q - a slice of pizza
 T - 2 chunks of flesh


   Skills:
 - Level 20.0 Fighting
 - Level 24.1 Axes
 + Level 18.8 Armour
 - Level 2.2 Dodging


You had 16 spell levels left.
You didn't know any spells.

Dungeon Overview and Level Annotations

Branches:
Dungeon (15/15)            Temple (0/1) D:7            Lair (8/8) D:9
 Shoals (3/5) Lair:5        Snake (4/5) Lair:4        Slime (0/6) Lair:8
    Orc (4/4) D:10            Elf (1/3) Orc:4        Vaults (0/5) D:13
 Depths (0/5) D:15

Altars:
Cheibriados
Dithmenos
Elyvilon
Kikubaaqudgha
Okawaru
Qazlal
Sif Muna
Trog
Vehumet
Yredelemnul
Zin
Beogh
Lugonu

Shops:
D:7 (   D:10 *   D:14 %   Orc:2 %   Orc:4 *[!(:

Portals:
Abyss: Elf:1

Annotations:
D:9 exclusions: door and 1 more exclusion
Shoals:3 Vojta's ghost, powerful DDFi


Innate Abilities, Weirdness & Mutations

You reflexively headbutt those who attack you in melee.
You have a pair of horns on your head.
You have sharp toenails.
You are resistant to hostile enchantments.
You can spit poison.


Message History

You headbutt the water elemental!!
Unknown command.
Unknown command.
Unknown command.
Unknown command.
Your unstable footing causes you to fumble your attack.
You are engulfed in a cloud of scalding steam.
You are no longer berserk.
You are exhausted.
You feel yourself slow down.
You are feeling very hungry.
Your hill giant hits the water elemental with a giant club!!!
The water elemental is destroyed!
The merfolk javelineer throws a javelin of returning.
The javelin of returning hits you.
* * * LOW HITPOINT WARNING * * *
The weapon returns to the merfolk javelineer!
The merfolk barely misses you. The merfolk aquamancer misses you.
Vojta's ghost hits you!
You die...

≈≈≈≈≈P≈≈≈≈≈≈≈≈≈≈..........≈≈≈..
≈≈≈≈PP≈≈≈≈≈≈≈≈≈.≈≈≈..#..≈.≈...
≈≈≈PP≈≈≈.≈≈≈≈..≈≈≈..)..≈..≈PP
≈≈≈≈≈≈≈≈(≈≈...≈≈≈≈≈...≈≈P≈.#
≈≈≈≈≈≈≈≈≈...≈≈≈≈≈≈≈.≈≈≈≈P.#
≈≈≈≈≈(≈.....≈≈≈≈≈≈.≈≈≈≈≈≈PP
≈≈≈≈≈≈≈≈≈≈≈..≈≈≈≈≈≈≈≈≈≈≈≈≈≈≈
≈≈≈≈≈≈≈≈≈≈m≈≈≈≈≈≈..≈≈≈≈≈≈≈≈≈
≈≈≈≈≈PP≈?(W@C≈≈≈....≈≈≈≈≈≈≈≈
≈≈PP≈≈≈≈mm)))≈≈.###.....≈≈≈
≈≈≈≈≈≈≈≈≈≈≈≈≈≈≈.# ##..####.
≈P≈P≈≈..#.≈≈≈≈≈.# #..#
≈≈≈≈...##.≈≈≈≈≈.# .##
≈≈≈......≈≈≈≈≈≈ .......≈≈≈≈≈≈
.###..≈≈≈≈≈ .≈S


You could see a merfolk javelineer, a sea snake, a merfolk aquamancer, a
merfolk, Vojta's ghost and a friendly hill giant (berserk).

Vanquished Creatures
  Norris (D:13)
  Vashnia (Snake:3)
  A kraken (Shoals:2)
  Polyphemus (Shoals:2)
  Rupert (D:13)
  Agnes (Shoals:3)
  Donald (D:13)
  A frost giant (IceCv)
  2 greater nagas (Snake:4)
  Louise (Shoals:2)
  An orc warlord (Orc:4)
  The ghost of Simboubou the Impaler, a powerful MfGl of Yredelemnul (D:15)
  The ghost of hemol the Basher, a powerful MiFi of Okawaru (IceCv)
  A merfolk javelineer (Shoals:2)
  A minotaur (Lab)
  4 merfolk impalers
  A quicksilver dragon skeleton (D:15)
  Harold (Orc:3)
  9 naga warriors
  2 hydras
  2 anacondas
  2 merfolk avatars
  2 centaur warriors
  2 catoblepae
  A merfolk aquamancer (Shoals:1)
  4 dancing weapons (Elf:1)
  13 death yaks
  2 orc high priests
  4 naga sharpshooters
  2 shock serpents
  5 deep elf knights (Elf:1)
  2 skeletal warriors (D:15)
  2 salamander mystics
  2 unseen horrors
  A naga ritualist (Snake:3)
  2 ice statues
  9 deep elf conjurers (Elf:1)
  5 hill giants
  8 sea snakes
  12 harpies
  4 deep elf summoners (Elf:1)
  3 orc knights (Orc:4)
  A necromancer (D:15)
  5 mana vipers
  2 water nymphs
  A wolf spider zombie (D:15)
  3 orc sorcerers (Orc:4)
  4 fauns (Shoals:2)
  2 stone giant zombies (D:15)
  7 griffons
  2 guardian serpents
  4 cyclopes
  A phantasmal warrior (D:15)
  2 manticores (Shoals:1)
  A rust devil (Orc:4)
  9 sirens
  8 salamanders
  10 naga magi
  Joseph (D:10)
  38 black mambas
  A drowned soul (Shoals:2)
  An eye of devastation (Lair:8)
  4 elephants (Lair:8)
  A gargoyle (D:15)
  A torpor snail (Lair:3)
  Psyche (D:11)
  2 centaur skeletons
  11 spiny frogs
  An elf skeleton (D:15)
  2 kobold demonologists (D:15)
  3 fire drakes
  4 deep elf priests (Elf:1)
  A spriggan druid (Lair:8)
  A redback zombie (D:15)
  A yaktaur (shapeshifter) (D:14)
  11 komodo dragons
  An efreet (D:15)
  2 queen bees
  26 polar bears
  A blue devil (Orc:4)
  2 trolls
  5 snapping turtles
  A two-headed ogre (D:15)
  20 merfolk
  11 blink frogs
  5 basilisks
  2 wind drakes
  A trapdoor spider zombie (D:11)
  2 wandering mushrooms
  17 slime creatures
  8 deep elf magi
  17 spriggans (Lair:8)
  A trapdoor spider (shapeshifter) (D:15)
  5 redbacks (Lair:8)
  A tarantella (Elf:1)
  A wyvern (D:14)
  8 water elementals
  A yak (shapeshifter) (D:15)
  A spriggan (shapeshifter) (D:14)
  Eustachio (D:8)
  16 humans (D:13)
  41 yaks
  7 vampire mosquitoes
  34 wolves
  16 hippogriffs
  2 steam dragons (D:11)
  6 deep elf fighters (Elf:1)
  6 hungry ghosts
  A mottled dragon (D:14)
  29 nagas
  2 wargs
  12 swamp worms (Lair:4)
  A soldier ant (D:14)
  31 water moccasins
  26 orc warriors
  14 porcupines
  8 black bears (Lair:8)
  18 ice beasts
  2 phantoms
  4 boggarts (D:15)
  3 wasps (Lair:8)
  A necrophage (D:14)
  2 eyes of draining
  4 sky beasts
  7 ogres
  12 centaurs
  Sigmund (D:5)
  17 crocodiles
  5 big kobolds
  An earth elemental (Lab)
  15 giant frogs
  A wyvern skeleton (D:14)
  3 scorpions
  53 killer bees
  12 wights
  A goliath beetle (D:7)
  3 electric eels (Snake:1)
  2 giant frog zombies
  4 crimson imps
  2 quasits
  A jelly (D:6)
  20 orc priests
  6 centaur zombies
  11 hounds
  32 orc wizards
  An iron imp (D:15)
  7 worker ants
  11 iguanas
  A killer bee zombie (D:10)
  18 sheep
  4 big kobold zombies (Ossuary)
  A hound skeleton (D:3)
  4 mummies (Ossuary)
  26 adders
  47 river rats
  2 shadow imps
  13 white imps
  A giant mite (D:1)
  10 worms
  3 adder skeletons
  9 giant geckos
  An ooze (D:2)
  141 orcs
  14 bats
  A bat skeleton (D:5)
  15 hobgoblins
  9 jackals
  36 kobolds
  7 quokkas
  5 giant cockroaches
  3 giant newts (D:2)
  3 giant spores
  26 goblins
  6 hobgoblin zombies (Ossuary)
  2 jackal skeletons
  12 rats
  5 ballistomycetes
  2 fungi
  10 plants
  3 tentacles (Shoals:2)
  A tentacle segment (Shoals:2)
1364 creatures vanquished.

Vanquished Creatures (collateral kills)
  5 hydras
  An ice dragon (Lair:5)
  3 naga sharpshooters (Snake:3)
  A siren (Shoals:3)
  A merfolk (Shoals:3)
  A polar bear (Lair:5)
  A water elemental (Shoals:3)
  An ice beast (Lair:5)
  3 sheep (Lair:8)
  An adder (Lair:8)
18 creatures vanquished.

Vanquished Creatures (others)
  A drowned soul (Shoals:1)
  A deep elf fighter (Elf:1)
  4 plants
  5 tentacles (Shoals:2)
  272 tentacle segments (Shoals:2)
283 creatures vanquished.

Grand Total: 1665 creatures vanquished

Notes
Turn   | Place    | Note
--------------------------------------------------------------
     0 | D:1      | joy, the Minotaur Berserker, began the quest for the Orb.
     0 | D:1      | Reached XP level 1. HP: 19/19 MP: 1/1
   218 | D:1      | Reached skill level 4 in Axes
   218 | D:1      | Reached XP level 2. HP: 24/27 MP: 1/1
   497 | D:1      | Acquired Trog's second power
   698 | D:2      | Found a stormy altar of Qazlal.
   763 | D:2      | Reached XP level 3. HP: 33/33 MP: 2/2
   869 | D:2      | Reached skill level 5 in Axes
   947 | D:2      | Found a snail-covered altar of Cheibriados.
  1403 | D:3      | Reached XP level 4. HP: 37/40 MP: 2/2
  1489 | D:3      | Reached skill level 6 in Axes
  1717 | D:3      | Reached XP level 5. HP: 43/46 MP: 2/2
  1867 | D:3      | Reached skill level 7 in Axes
  2431 | D:4      | Got a thick robe
  2452 | D:4      | Identified the +1 robe of Ganauz {+Fly Stlth+} (You found it on level 4 of the Dungeon)
  2480 | D:4      | Noticed an ogre
  2485 | D:4      | Killed an ogre
  2485 | D:4      | Reached skill level 8 in Axes
  2485 | D:4      | Reached XP level 6. HP: 42/52 MP: 3/3
  2889 | D:5      | Entered Level 5 of the Dungeon
  2896 | D:5      | Reached skill level 9 in Axes
  3044 | D:5      | Noticed Sigmund
  3125 | D:4      | Reached XP level 7. HP: 17/58 MP: 3/3
  3356 | D:5      | Killed Sigmund
  3520 | D:5      | Acquired Trog's third power
  3545 | D:5      | Noticed a water moccasin
  3548 | D:5      | Killed a water moccasin
  3548 | D:5      | Reached skill level 10 in Axes
  3940 | D:6      | Reached skill level 11 in Axes
  4010 | D:6      | Found a sand-covered staircase.
  4019 | Ossuary  | Entered an ossuary
  4128 | Ossuary  | Reached XP level 8. HP: 39/66 MP: 3/3
  4287 | D:6      | Reached skill level 12 in Axes
  4560 | D:6      | Found a white marble altar of Elyvilon.
  4800 | D:6      | Reached skill level 13 in Axes
  4960 | D:7      | Found a staircase to the Ecumenical Temple.
  5090 | D:7      | Reached XP level 9. HP: 57/71 MP: 4/4
  5236 | D:7      | Reached skill level 14 in Axes
  5366 | D:7      | Found an ancient bone altar of Kikubaaqudgha.
  5432 | D:7      | Found Sidwufu's Weapon Emporium.
  5550 | D:7      | Reached skill level 5 in Fighting
  5991 | D:8      | Noticed Eustachio
  6023 | D:8      | Killed Eustachio
  6186 | D:8      | Found a glowing silver altar of Zin.
  6186 | D:8      | Found a radiant altar of Vehumet.
  6355 | D:8      | Found a shadowy altar of Dithmenos.
  6644 | D:8      | Found a basalt altar of Yredelemnul.
  6644 | D:8      | Found a bloodstained altar of Trog.
  6720 | D:9      | Found a staircase to the Lair.
  6722 | D:9      | Noticed a komodo dragon
  6738 | D:9      | Killed a komodo dragon
  6955 | D:9      | Received a gift from Trog
  6955 | D:9      | Reached skill level 10 in Fighting
  6957 | D:9      | Reached XP level 10. HP: 67/93 MP: 4/4
  7557 | Lair:1   | Entered Level 1 of the Lair of Beasts
  7952 | Lair:1   | Reached skill level 15 in Axes
  8207 | Lair:1   | Reached XP level 11. HP: 45/104 MP: 4/4
  8216 | Lair:1   | Reached skill level 16 in Axes
  9661 | Lair:3   | Reached skill level 17 in Axes
 10080 | Lair:3   | Noticed a death yak
 10080 | Lair:3   | Noticed a death yak
 10080 | Lair:3   | Noticed a death yak
 10081 | Lair:3   | Noticed a death yak
 10081 | Lair:3   | Noticed a death yak
 10170 | Lair:4   | Received a gift from Trog
 10259 | Lair:4   | Found a frozen archway.
 10292 | Lair:4   | Found a staircase to the Snake Pit.
 10295 | IceCv    | Entered an ice cave
 10669 | IceCv    | Reached skill level 18 in Axes
 10906 | IceCv    | Noticed a death yak
 10913 | IceCv    | Killed a death yak
 10913 | IceCv    | Reached XP level 12. HP: 112/112 MP: 5/5
 10914 | IceCv    | Reached skill level 19 in Axes
 11101 | IceCv    | Received a gift from Trog
 11381 | IceCv    | Noticed an ice statue
 11429 | IceCv    | Killed an ice statue
 11620 | IceCv    | Reached skill level 20 in Axes
 11777 | IceCv    | Noticed a death yak
 11777 | IceCv    | Noticed a frost giant
 11784 | IceCv    | Killed a death yak
 11785 | IceCv    | Noticed hemol's ghost (powerful MiFi)
 11795 | IceCv    | Reached skill level 5 in Armour
 11845 | IceCv    | Killed hemol's ghost
 11856 | IceCv    | Killed a frost giant
 11962 | IceCv    | Gained mutation: You have sharp toenails. [potion of mutation]
 11962 | IceCv    | Gained mutation: You can spit poison. [potion of mutation]
 11962 | IceCv    | Gained mutation: You are resistant to hostile enchantments. [potion of mutation]
 11965 | IceCv    | Identified Keas Tru's Collected Works on Ice (You found it in an ice cave)
 12189 | Lair:4   | Received a gift from Trog
 12207 | Lair:4   | Reached XP level 13. HP: 85/118 MP: 5/5
 12236 | Lair:4   | Reached skill level 10 in Armour
 12958 | Lair:4   | Noticed an anaconda
 12968 | Lair:4   | Killed an anaconda
 13387 | Lair:4   | Noticed a catoblepas
 13397 | Lair:4   | Killed a catoblepas
 13496 | Lair:3   | Killed a death yak
 13497 | Lair:3   | Killed a death yak
 13502 | Lair:3   | Killed a death yak
 13509 | Lair:3   | Killed a death yak
 13510 | Lair:3   | Killed a death yak
 13750 | Lair:3   | Received a gift from Trog
 14675 | Lair:5   | Found a staircase to the Shoals.
 14709 | Lair:5   | Found a labyrinth entrance.
 14735 | Lab      | Entered a labyrinth
 14979 | Lab      | Got a heavily runed lead amulet
 14989 | Lab      | Got a pitted silver amulet
 14990 | Lab      | Got a jewelled chain mail
 14993 | Lair:5   | Upgraded the game from 0.16.1-29-g3e760ad to 0.16.1-30-g34a7ffa
 15135 | Lair:5   | Reached skill level 21 in Axes
 15882 | Lair:5   | Identified the +5 chain mail of Hopscotch {Contam rPois Dex+4} (You found it in a labyrinth)
 15883 | Lair:5   | Identified the amulet "Xikocoakk" {Ward rC+ rN+ Str+3 Dex+3} (You took it off a minotaur in a labyrinth)
 15885 | Lair:5   | Identified the amulet of Maxuf {Gourm rF- rN++ Stlth+} (You found it in a labyrinth)
 15921 | Lair:5   | Identified the Volume of the Damaging Birds
 15930 | Lair:5   | Got a glittering glass ring
 15939 | Lair:5   | Lost intelligence.
 15939 | Lair:5   | Identified the ring "Prygaqoq" {+/*Tele rElec rPois Int-4} (You found it on level 5 of the Lair of Beasts)
 16109 | Lair:6   | Reached XP level 14. HP: 133/133 MP: 5/5
 16345 | Lair:6   | Received a gift from Trog
 17771 | Lair:7   | Reached skill level 22 in Axes
 18158 | Lair:8   | Entered Level 8 of the Lair of Beasts
 18197 | Lair:8   | Received a gift from Trog
 18270 | Lair:8   | Found a staircase to the Slime Pits.
 18630 | Lair:8   | Reached skill level 23 in Axes
 18650 | Lair:8   | Received a gift from Trog
 19325 | D:10     | Entered Level 10 of the Dungeon
 19512 | D:10     | Found Heq Iraeqa's General Store.
 19516 | D:10     | Noticed Joseph
 19526 | D:10     | Killed Joseph
 19588 | D:10     | Found a staircase to the Orcish Mines.
 20246 | D:11     | Found a white marble altar of Elyvilon.
 20482 | D:11     | Noticed Psyche
 20487 | D:11     | Killed Psyche
 20991 | D:12     | Reached XP level 15. HP: 117/139 MP: 6/6
 21085 | D:12     | Found a basalt altar of Yredelemnul.
 21499 | D:12     | Reached skill level 24 in Axes
 22013 | D:13     | Noticed Rupert
 22013 | D:13     | Noticed Donald
 22035 | D:13     | Killed Rupert
 22053 | D:13     | Killed Donald
 22122 | D:13     | Found a gate to the Vaults.
 22126 | D:13     | Noticed Norris
 22176 | D:13     | Killed Norris
 22373 | D:14     | Found Ydaumm's Food Emporium.
 22976 | D:15     | Entered Level 15 of the Dungeon
 23089 | D:15     | Noticed Simboubou's ghost (powerful MfGl)
 23101 | D:15     | Killed Simboubou's ghost
 23287 | D:15     | Found a shadowy altar of Dithmenos.
 23370 | D:15     | Received a gift from Trog
 23406 | D:15     | Found a staircase to the Depths.
 24199 | Lair:2   | Reached skill level 15 in Armour
 24295 | Snake:1  | Entered Level 1 of the Snake Pit
 24625 | Snake:1  | Reached XP level 16. HP: 113/147 MP: 6/6
 25404 | Snake:2  | Received a gift from Trog
 26241 | Snake:3  | Noticed Vashnia
 26270 | Snake:3  | Killed Vashnia
 27156 | Snake:4  | Reached skill level 15 in Fighting
 27162 | Snake:4  | Received a gift from Trog
 28268 | Orc:1    | Entered Level 1 of the Orcish Mines
 28309 | Orc:1    | Received a gift from Trog
 28507 | Orc:1    | Received a gift from Trog
 28746 | Orc:2    | Found Umaamaja's Food Boutique.
 29002 | Orc:2    | Received a gift from Trog
 29378 | Orc:3    | Found an iron altar of Okawaru.
 29583 | Orc:3    | Noticed Harold
 29590 | Orc:3    | Killed Harold
 29667 | Orc:3    | Received a gift from Trog
 29848 | Orc:4    | Entered Level 4 of the Orcish Mines
 29920 | Orc:4    | Found Mnubosig's Distillery.
 29927 | Orc:4    | Bought a potion of resistance for 140 gold pieces
 30064 | Orc:4    | Found a roughly hewn altar of Beogh.
 30070 | Orc:4    | Reached XP level 17. HP: 149/160 MP: 6/6
 30149 | Orc:4    | Found Qeocwim's Antique Armour Emporium.
 30250 | Orc:4    | Found Jyfufran's General Store.
 30291 | Orc:4    | Received a gift from Trog
 30370 | Orc:4    | Found a staircase to the Elven Halls.
 30505 | Orc:4    | Found Hotet's Book Emporium.
 30520 | Orc:4    | Found Kasi's Antique Weapon Emporium.
 30743 | Elf:1    | Entered Level 1 of the Elven Halls
 30845 | Elf:1    | Got a transparent iron ring
 30850 | Elf:1    | Identified the ring of the Four Wars {rC- Int+3 SInv Stlth+} (You found it on level 1 of the Elven Halls)
 30927 | Elf:1    | Received a gift from Trog
 30931 | Elf:1    | Got a slimy battleaxe {god gift}
 30945 | Elf:1    | Found a corrupted altar of Lugonu.
 30961 | Elf:1    | Found a one-way gate to the infinite horrors of the Abyss.
 31314 | Elf:1    | Found a deep blue altar of Sif Muna.
 31907 | Lair:2   | Identified the +5 battleaxe "Beetleslayer" {chop, Noisy rF+ rC+ Dex+5} (Trog gifted it to you on level 1 of the Elven Halls)
 32071 | Shoals:1 | Entered Level 1 of the Shoals
 32118 | Shoals:1 | Found a runed door.
 32410 | Shoals:1 | Received a gift from Trog
 33105 | Shoals:2 | Noticed Louise
 33117 | Shoals:2 | Killed Louise
 33368 | Shoals:2 | Received a gift from Trog
 33893 | Shoals:2 | Noticed Polyphemus
 33905 | Shoals:2 | Killed Polyphemus
 34197 | Shoals:3 | Noticed Agnes
 34207 | Shoals:3 | Killed Agnes
 34426 | Shoals:3 | Noticed Vojta's ghost (powerful DDFi)
 34448 | Shoals:3 | HP: 8/170 [merfolk javelineer/javelin of returning (3)]
 34448 | Shoals:3 | Slain by Vojta's ghost

Action                   |  1- 3 |  4- 6 |  7- 9 | 10-12 | 13-15 | 16-18 || total
-------------------------+-------+-------+-------+-------+-------+-------++-------
Melee: Hand axe          |    91 |   136 |   408 |       |       |       ||   635
       War axe           |       |       |    82 |   349 |       |       ||   431
       Battleaxe         |       |       |       |   325 |   133 |       ||   458
       Executioner's axe |       |       |       |       |   930 |   943 ||  1873
Invok: Trog's Hand       |       |       |     4 |    10 |     4 |     2 ||    20
       Berserk           |       |       |     6 |     3 |     3 |     2 ||    14
       Brothers in Arms  |       |       |       |     1 |     4 |     2 ||     7
Evoke: Wand              |       |     2 |     5 |       |    22 |     1 ||    30
  Use: Potion            |       |     1 |     3 |    14 |     4 |     2 ||    24
       Scroll            |       |       |    15 |     6 |     4 |     4 ||    29
 Stab: Confused          |       |       |     1 |       |       |       ||     1
       Invisible         |       |       |       |    13 |       |       ||    13
       Fleeing           |       |       |       |     1 |       |       ||     1
  Eat: Chunk             |     2 |     5 |    17 |    20 |    36 |    30 ||   110
       Fruit             |       |       |     2 |       |     2 |       ||     4
       Beef jerky        |       |       |       |     2 |     3 |     1 ||     6
       Pizza             |       |       |       |       |     2 |     1 ||     3
       Bread ration      |       |       |       |       |     1 |       ||     1
